AoeStats
← 給你舒服

Oasis

509882261Analyzed
3v3 RM · 2d ago on Sep 28, 2026· 64m 32s· 6 players
Game mode
Random Map
Map size
Normal (6 player)
Population
200
Speed
Normal
Resources
Standard
Victory
Conquest
Starting age
Dark Age
Ending age
Imperial Age
RankedLock teamsTeams togetherTeam positionsShared explorationLock speedFull tech treeHidden civsTurbo modeCheats
Victory
Defeat
🇦🇷 Jurchens · Argentina
1026
+15
🇦🇷 Japanese · Argentina
993
+16
🇪🇸 Chinese · Spain
970
+17
🇹🇼 Spanish · Taiwan
1032
-17
🇭🇰 Ethiopians · Hong Kong SAR China
993
-16
🇨🇳 Huns · China
973
-15
給你舒服
9:49 Feudal Age
11:09 Double-Bit Axe
12:01 Loom
13:23 Horse Collar
20:53 Castle Age
19:25 Gold Mining
19:28 Stone Mining
28:38 Heavy Plow
34:15 Imperial Age
32:29 Wheelbarrow
35:35 Ballistics
36:20 Chemistry
36:49 Scale Barding Armor
38:36 Bow Saw
54:01 Elite Conquistador
57:05 Caravan
57:36 Squires
57:00 Man-at-Arms
57:07 Pikeman
57:54 Scale Mail Armor
62:44 Halberdier
63:40 Forging
63:47 Chain Mail Armor
不明步行下體
12:01 Feudal Age
13:35 Double-Bit Axe
14:04 Fletching
14:16 Padded Archer Armor
14:34 Horse Collar
17:13 Gold Mining
18:03 Loom
24:14 Castle Age
24:23 Crossbowman
25:09 Thumb Ring
25:20 Elite Skirmisher
27:54 Bodkin Arrow
28:15 Leather Archer Armor
31:04 Gold Shaft Mining
30:31 Town Watch
35:12 Ballistics
35:44 Wheelbarrow
39:10 Imperial Age
37:48 Stone Mining
39:24 Murder Holes
39:40 Masonry
39:33 Scale Mail Armor
39:43 Forging
39:55 Bow Saw
41:08 Conscription
40:11 Arbalester
41:12 Heavy Plow
43:36 Elite Shotel Warrior
45:58 Chemistry
45:03 Siege Engineers
44:34 Light Cavalry
45:16 Husbandry
45:23 Scale Barding Armor
46:02 Hussar
47:49 Chain Barding Armor
48:04 Iron Casting
49:21 Architecture
50:41 Fortified Wall
51:04 Torsion Engines
52:29 Royal Heirs
53:16 Capped Ram
57:01 Caravan
开局投降是歹人
10:37 Feudal Age
10:26 Loom
11:08 Double-Bit Axe
13:27 Horse Collar
20:04 Castle Age
21:00 Bloodlines
21:50 Scale Barding Armor
21:55 Forging
25:13 Husbandry
27:47 Chain Barding Armor
38:02 Imperial Age
36:10 Iron Casting
35:59 Bow Saw
35:34 Pikeman
36:15 Squires
36:55 Marauders
37:45 Scale Mail Armor
37:36 Fletching
37:46 Padded Archer Armor
38:07 Halberdier
40:18 Chain Mail Armor
40:39 Plate Barding Armor
40:44 Cavalier
44:05 Wheelbarrow
46:10 Blast Furnace
45:06 Bodkin Arrow
44:51 Light Cavalry
46:12 Elite Tarkan
49:08 Hand Cart
49:42 Conscription
52:07 Masonry
55:34 Hussar
58:43 Guilds
58:01 Paladin
58:44 Town Watch
60:04 Two-Man Saw
SoyRock
10:53 Feudal Age
9:39 Loom
11:42 Double-Bit Axe
11:41 Horse Collar
14:52 Gold Mining
17:55 Man-at-Arms
19:33 Forging
19:48 Scale Mail Armor
25:43 Castle Age
25:29 Fletching
26:23 Pikeman
27:05 Squires
29:23 Squires
decarolinadelnorte
6:59 Loom
8:58 Feudal Age
10:20 Double-Bit Axe
12:40 Wheelbarrow
15:52 Castle Age
14:44 Gold Mining
18:52 Bow Saw
19:13 Horse Collar
22:30 Heavy Plow
26:03 Stone Mining
27:29 Hand Cart
28:05 Scale Barding Armor
28:11 Forging
28:13 Bloodlines
28:03 Husbandry
30:54 Imperial Age
30:58 Chain Barding Armor
31:13 Iron Casting
32:25 Plate Barding Armor
33:56 Blast Furnace
33:20 Conscription
32:58 Gold Mining
33:46 Stone Shaft Mining
34:09 Elite Iron Pagoda
37:29 Gold Shaft Mining
36:49 Town Watch
37:46 Fortified Bastions
42:05 Treadmill Crane
42:36 Masonry
42:48 Ballistics
43:06 Hoardings
44:13 Capped Ram
44:34 Heavy Scorpion
50:13 Caravan
57:24 Fletching
58:37 Chemistry
58:07 Architecture
57:36 Murder Holes
59:48 Guilds
60:42 Bodkin Arrow
61:34 Bracer
TacticJavier
0:26 Loom
9:56 Feudal Age
10:34 Double-Bit Axe
15:18 Fletching
17:30 Horse Collar
19:07 Gold Mining
19:42 Padded Archer Armor
26:18 Castle Age
26:45 Wheelbarrow
26:17 Stone Mining
26:31 Elite Skirmisher
26:49 Crossbowman
27:36 Thumb Ring
27:31 Bodkin Arrow
28:50 Hand Cart
29:29 Ballistics
34:34 Imperial Age
32:04 Murder Holes
36:22 Bow Saw
37:44 Chemistry
38:27 Two-Man Saw
40:07 Bracer
41:17 Arbalester
43:09 Heavy Rocket Cart
44:50 Leather Archer Armor
46:56 Caravan
49:08 Bloodlines
48:58 Husbandry
49:46 Heavy Plow
50:23 Fortified Wall
50:46 Forging
50:42 Scale Barding Armor
50:40 Scale Mail Armor
51:08 Squires
50:50 Elite Fire Lancer
53:04 Iron Casting
52:45 Chain Mail Armor
54:36 Arson
58:54 Ring Archer Armor
58:40 Chain Mail Armor
59:26 Blast Furnace
59:00 Town Watch
62:19 Pikeman
63:55 Conscription
64:05 Rocketry
63:47 Great Wall
64:53 Plate Mail Armor
Connection lost

Rejoining the realm…

Still unreachable

The connection could not be restored.

Session expired

The server has moved on; the page needs a fresh start.